 Dungeon Crawl Stone Soup version 0.30.0-29-ga12c61a403 (webtiles) character file.

Game seed: 1957808759501111681

3420 qw the Cleaver (level 10, 0/63 HPs)
             Began as a Gargoyle Fighter on June 5, 2023.
             Was a Priest of Okawaru.
             Slain by a killer bee (3 damage)
             ... on level 7 of the Dungeon.
             The game lasted 00:02:58 (6099 turns).

qw the Cleaver (Gargoyle Fighter)                   Turns: 6099, Time: 00:02:59

Health: 0/63       AC: 18    Str: 24    XL:     10   Next: 5%
Magic:  12/13      EV: 10    Int:  9    God:    Okawaru [***...]
Gold:   391        SH:  6    Dex:  9    Spells: 9/9 levels left

rFire   . . .        a - +2 war axe (spect)
rCold   . . .        c - +0 buckler
rNeg    + . .        j - +0 chain mail
rPois   inf          (no helmet)
rElec   +            (no cloak)
rCorr   .            (no gloves)
SInv    .            (no boots)
Will    .....        (no amulet) Stlth
                     (no ring)
HPRegen 0.30/turn    (no ring)
MPRegen 0.13/turn

%: no passive effects
@: heroic
A: sickness immunity, AC +7, negative energy resistance 1, electricity
resistance, torment resistance 1, petrification resistance
a: Renounce Religion, Heroism


You were on level 7 of the Dungeon.
You worshipped Okawaru.
Okawaru was most pleased with you.
You visited 2 branches of the dungeon, and saw 8 of its levels.

You collected 391 gold pieces.


Innate Abilities, Weirdness & Mutations

You are immune to sickness and miasma.
Your stone body is resilient. (AC +7)
You are immune to poison.
You resist negative energy. (rN+)
You are resistant to electric shocks. (rElec)
You are resistant to unholy torment.
You are immune to petrification.


   Skills:
 - Level 7.0(12.0) Fighting
 + Level 9.7(14.7) Axes
 - Level 3.3(8.3) Throwing
 - Level 4.3(9.3) Armour
 - Level 1.0(6.0) Dodging
 - Level 5.2(10.2) Shields
 - Level 4.0 Invocations


You had 9 spell levels left.
You didn't know any spells.
Your spell library was empty.

Inventory:

Hand Weapons
 a - a +2 spectral war axe (weapon)
 r - a +5 flail of draining
Missiles
 e - 6 silver javelins (quivered)
 m - 3 boomerangs
Armour
 c - a +0 buckler (worn)
 h - +0 acid dragon scales
 j - a +0 chain mail (worn)
Jewellery
 i - a ring of flight
Scrolls
 b - a scroll of torment {unknown}
 f - a scroll of identify
 n - a scroll of enchant armour
Potions
 d - a potion of might
 g - a potion of mutation {unknown}
 k - a potion of haste {unknown}
 l - a potion of attraction {unknown}
 q - a potion of magic {unknown}

Dungeon Overview and Level Annotations

Branches:
Dungeon (7/15)             Temple (1/1) D:4

Altars:
Ashenzari
Cheibriados
Dithmenos
Elyvilon
Fedhas
Gozag
Hepliaklqana
Makhleb
Nemelex Xobeh
Okawaru
Ru
Sif Muna
Trog
Uskayaw
Wu Jian
Yredelemnul
Zin

Annotations:
D:2 Natasha


Message History

You feel less confused. The killer bee closely misses you.
Something hits you but does no damage. The killer bee stings you.
You barely miss the killer bee. You hit something. Okawaru accepts your kill.
Reactivating autopickup.
You feel a bit more experienced. The killer bee stings you.
You closely miss the killer bee. You hit the killer bee.
The killer bee closely misses you. The killer bee barely misses you.
You block the killer bee's attack. The killer bee closely misses you.
You barely miss the killer bee.
The killer bee is moderately wounded.
You hit the killer bee.
The killer bee stings you but does no damage. x2
A sleepcap comes into view.
You barely miss the killer bee.
The killer bee is moderately wounded.
You miss the killer bee. You block the killer bee's attack.
The killer bee stings you. The killer bee misses you.
The killer bee stings you but does no damage.
You barely miss the killer bee.
The killer bee is moderately wounded.
You barely miss the killer bee. The killer bee closely misses you.
The killer bee stings you but does no damage.
You block the killer bee's attack.
The killer bee stings you but does no damage.
You slash the killer bee!
The killer bee is severely wounded.
You miss the killer bee. The killer bee stings you!
The killer bee stings you but does no damage.
You closely miss the killer bee.
The killer bee is severely wounded.
You miss the killer bee. The killer bee closely misses you.
You block the killer bee's attack. The killer bee stings you.
You die...

...........).....##..###.## ##..#
#.##.#.....)[)......###.#.#####..
..........#..########.#.#.##.####
#.........#..#.....#..#.#.#.#.#
##........#..#.....#..#.#.#.#.###
##.####......#..#..'#.#.#.#.#.#'.
##.# ##..##.#.....##.#.#.#.#..##
...# #..##.#.....##.#.#.#.#)%##
##.# #..#..###@####.#.#.#.#.###
#.#####....##yy#yc###.##)#.####.
#>........##lf###f.######.####..
####.###.##.#y ..#.# ### #... #.#
#.#. . .##...# #.... ####.###.#
#. .z .#.# #.#.. #..%..##.# # .l
.##+ #.... #.##..##.# .#. .#
#.#). #.#.>.##.# f.# .o #....


You could see 2 sleepcaps, a centaur, an iguana and 4 killer bees.

Vanquished Creatures
  Maggie (D:6)
  An unseen horror (D:7)
  Sigmund (D:3)
  Eustachio (D:6)
  A steam dragon (D:7)
  Menkaure (D:6)
  Edmund (D:6)
  A water moccasin (D:6)
  A black bear (D:6)
  A sky beast (D:7)
  2 ice beasts
  3 ogres
  2 centaurs
  2 bullfrogs (D:7)
  7 wights (D:7)
  A killer bee (D:7)
  A howler monkey (D:6)
  2 jellies (D:5)
  4 orc priests
  A gnoll bouda (D:7)
  3 hounds
  An iguana (D:6)
  Natasha (twice) (D:2)
  4 orc wizards
  6 gnolls
  5 adders
  4 shadow imps
  6 white imps
  2 worms
  2 dart slugs
  8 orcs
  8 ball pythons
  3 bats
  10 endoplasms
  7 giant cockroaches
  10 goblins
  12 hobgoblins
  4 jackals
  A kobold (D:1)
  4 quokkas
  3 frilled lizards
  3 rats
143 creatures vanquished.

Notes
Turn   | Place    | Note
-------+----------+-------------------------------------------
     0 | D:1      | qw the Gargoyle Fighter began the quest for the Orb.
     0 | D:1      | Reached XP level 1. HP: 14/14 MP: 1/1
     0 | D:1      | 0 ||| qw: Version: 0.2-a-108-gee2c290
     0 | D:1      | 0 ||| qw: Game counter: 1322
     0 | D:1      | 0 ||| qw: Always use a shield: true
     0 | D:1      | 0 ||| qw: God list: Okawaru
     0 | D:1      | 0 ||| qw: Allow faded altars: false
     0 | D:1      | 0 ||| qw: Do Orc after D:15 true
     0 | D:1      | 0 ||| qw: Do second Lair branch before Depths: true
     0 | D:1      | 0 ||| qw: Lair rune preference: random
     0 | D:1      | 0 ||| qw: Plans: Normal, Zot:1-4, Slime:5, God:TSO, Crypt,
                  | Tomb, Abyss, Pan, Hells, Win
     0 | D:1      | 0 ||| PLANNING D:1-11
    20 | D:1      | 20 ||| Stepping ~*~*~tactically~*~*~ (hiding).
    21 | D:1      | 21 ||| Stepping ~*~*~tactically~*~*~ (hiding).
    32 | D:1      | Reached skill level 2 in Axes
    35 | D:1      | 35 ||| Stepping ~*~*~tactically~*~*~ (stealth).
    45 | D:1      | 45 ||| Stepping ~*~*~tactically~*~*~ (stealth).
    50 | D:1      | 50 ||| Stepping ~*~*~tactically~*~*~ (stealth).
    56 | D:1      | Reached XP level 2. HP: 19/19 MP: 2/2
   156 | D:1      | 156 ||| Stepping ~*~*~tactically~*~*~ (stealth).
   180 | D:1      | 180 ||| FLEEEEING.
   181 | D:1      | 181 ||| FLEEEEING.
   182 | D:1      | 182 ||| FLEEEEING.
   183 | D:1      | 183 ||| FLEEEEING.
   186 | D:1      | 186 ||| FLEEEEING.
   187 | D:1      | 187 ||| FLEEEEING.
   188 | D:1      | 188 ||| FLEEEEING.
   189 | D:1      | 189 ||| FLEEEEING.
   252 | D:1      | Reached skill level 3 in Axes
   252 | D:1      | 252 ||| DROPPING +0 club.
   297 | D:1      | Found a faded altar of an unknown god.
   392 | D:1      | Reached XP level 3. HP: 23/23 MP: 3/3
   435 | D:1      | 435 ||| Stepping ~*~*~tactically~*~*~ (stealth).
   454 | D:1      | 454 ||| FLEEEEING.
   455 | D:1      | 455 ||| FLEEEEING.
   456 | D:1      | 456 ||| FLEEEEING.
   694 | D:1      | 694 ||| READING scroll labelled VISILA QIUX.
   697 | D:1      | 697 ||| READING 2 scrolls labelled TARGHYAM ABEHI.
   698 | D:1      | 698 ||| READING scroll labelled OPLOSY FILI.
   699 | D:1      | 699 ||| READING scroll labelled HIAHOF YCOI.
   700 | D:1      | 700 ||| READING scroll labelled ITHOYXK HEHO.
   856 | D:2      | Found a blossoming altar of Fedhas.
   875 | D:2      | Noticed Natasha
   885 | D:2      | Killed Natasha
   886 | D:2      | Reached skill level 1 in Throwing
   886 | D:2      | Reached XP level 4. HP: 16/28 MP: 4/4
   996 | D:2      | 996 ||| Stepping ~*~*~tactically~*~*~ (hiding).
  1000 | D:2      | 1000 ||| Stepping ~*~*~tactically~*~*~ (hiding).
  1071 | D:2      | 1071 ||| Stepping ~*~*~tactically~*~*~ (stealth).
  1234 | D:2      | 1234 ||| Stepping ~*~*~tactically~*~*~ (stealth).
  1279 | D:2      | Noticed Natasha
  1280 | D:2      | 1280 ||| Stepping ~*~*~tactically~*~*~ (stealth).
  1289 | D:2      | HP: 7/28 [cerulean imp/+2 spear[Natasha] (2)]
  1292 | D:2      | HP: 3/28 [Natasha (2)]
  1295 | D:2      | Killed Natasha
  1296 | D:2      | Reached skill level 4 in Axes
  1296 | D:2      | Reached XP level 5. HP: 4/32 MP: 5/5
  1435 | D:2      | Noticed Natasha
  1436 | D:2      | 1436 ||| Stepping ~*~*~tactically~*~*~ (stealth).
  1437 | D:2      | 1437 ||| Stepping ~*~*~tactically~*~*~ (stealth).
  1438 | D:2      | 1438 ||| Stepping ~*~*~tactically~*~*~ (stealth).
  1831 | D:2      | 1831 ||| READING scroll labelled LAVOGH HICIAMU.
  1832 | D:2      | 1832 ||| READING scroll labelled YRCHUO RIKLIAKE.
  1833 | D:2      | 1833 ||| READING scroll labelled WAERAXT EMAE.
  1834 | D:2      | 1834 ||| READING scroll labelled YNENOTHENABB.
  1835 | D:2      | 1835 ||| READING 2 scrolls of identify.
  1835 | D:2      | 1835 ||| IDENTIFYING brown potion
  1865 | D:3      | Found a sparkling altar of Nemelex Xobeh.
  2068 | D:3      | Found a hide-covered altar of Uskayaw.
  2154 | D:3      | 2154 ||| Stepping ~*~*~tactically~*~*~ (stealth).
  2248 | D:3      | Noticed Sigmund
  2254 | D:3      | Killed Sigmund
  2255 | D:3      | Reached skill level 5 in Axes
  2255 | D:3      | Reached XP level 6. HP: 19/37 MP: 6/6
  2501 | D:3      | 2501 ||| DROPPING +0 whip.
  2669 | D:3      | 2669 ||| DROPPING scarf of invisibility.
  2670 | D:3      | 2670 ||| READING scroll labelled JOISOY MUTYBA.
  2671 | D:3      | 2671 ||| DRINKING 2 sedimented emerald potions.
  2672 | D:3      | 2672 ||| DRINKING 2 bubbling cyan potions.
  2673 | D:3      | 2673 ||| DROPPING potion of brilliance.
  2731 | D:4      | Found a shimmering blue altar of Sif Muna.
  2789 | D:4      | 2789 ||| Stepping ~*~*~tactically~*~*~ (stealth).
  2841 | D:4      | 2841 ||| DRINKING potion of curing.
  2841 | D:4      | 2841 ||| (to cure confusion)
  2939 | D:4      | Reached skill level 1 in Dodging
  3049 | D:4      | 3049 ||| Stepping ~*~*~tactically~*~*~ (stealth).
  3050 | D:4      | 3050 ||| Stepping ~*~*~tactically~*~*~ (stealth).
  3051 | D:4      | 3051 ||| Stepping ~*~*~tactically~*~*~ (stealth).
  3052 | D:4      | 3052 ||| Stepping ~*~*~tactically~*~*~ (stealth).
  3053 | D:4      | 3053 ||| Stepping ~*~*~tactically~*~*~ (stealth).
  3304 | D:4      | Found a bloodstained altar of Trog.
  3323 | D:4      | Found a staircase to the Ecumenical Temple.
  3324 | D:4      | 3324 ||| PLANNING TEMPLE
  3324 | D:4      | 3324 ||| READING scroll labelled QOPUUWABRI.
  3332 | Temple   | Entered the Ecumenical Temple
  3338 | Temple   | 3338 ||| PLANNING OKAWARU WORSHIP
  3424 | Temple   | Became a worshipper of Warmaster Okawaru
  3424 | Temple   | 3424 ||| PLANNING D:1-11
  3461 | D:4      | Reached XP level 7. HP: 39/43 MP: 7/7
  3479 | D:4      | 3479 ||| Stepping ~*~*~tactically~*~*~ (hiding).
  3867 | D:5      | Entered Level 5 of the Dungeon
  3871 | D:5      | Found a hazy altar of Hepliaklqana.
  3893 | D:5      | 3893 ||| Stepping ~*~*~tactically~*~*~ (stealth).
  3894 | D:5      | 3894 ||| Stepping ~*~*~tactically~*~*~ (stealth).
  3895 | D:5      | 3895 ||| Stepping ~*~*~tactically~*~*~ (stealth).
  3916 | D:5      | Reached skill level 6 in Axes
  3935 | D:5      | 3935 ||| FLEEEEING.
  3950 | D:5      | 3950 ||| FLEEEEING.
  3953 | D:5      | 3953 ||| FLEEEEING.
  4262 | D:5      | HP: 10/43 [centaur (2)]
  4263 | D:5      | 4263 ||| DRINKING 2 potions of heal wounds.
  4265 | D:5      | Reached skill level 7 in Axes
  4349 | D:5      | 4349 ||| Stepping ~*~*~tactically~*~*~ (stealth).
  4350 | D:5      | 4350 ||| Stepping ~*~*~tactically~*~*~ (stealth).
  4353 | D:5      | 4353 ||| Stepping ~*~*~tactically~*~*~ (hiding).
  4361 | D:5      | Reached * piety under Okawaru
  4362 | D:5      | 4362 ||| INVOKING Heroism.
  4419 | D:5      | Reached XP level 8. HP: 49/49 MP: 8/8
  4427 | D:5      | 4427 ||| READING 2 scrolls labelled WENAOXAXTO.
  4428 | D:5      | 4428 ||| DRINKING 3 puce potions.
  4429 | D:5      | 4429 ||| DROPPING 2 potions of degeneration.
  4430 | D:5      | 4430 ||| DROPPING scroll of fear.
  4484 | D:6      | Noticed Eustachio
  4485 | D:6      | 4485 ||| INVOKING Heroism.
  4486 | D:6      | Noticed Maggie
  4493 | D:6      | Killed Eustachio
  4495 | D:6      | HP: 11/49 [Maggie/+0 glaive (14)]
  4495 | D:6      | HP: 4/49 [iguana (7)]
  4496 | D:6      | 4496 ||| DRINKING potion of heal wounds.
  4497 | D:6      | 4497 ||| INVOKING Heroism.
  4499 | D:6      | Reached skill level 8 in Axes
  4501 | D:6      | HP: 7/49 [Maggie/+0 glaive (2)]
  4502 | D:6      | Killed Maggie
  4503 | D:6      | Reached skill level 6 in Fighting
  4698 | D:6      | 4698 ||| READING scroll of enchant weapon.
  4698 | D:6      | 4698 ||| ENCHANTING +1 spectral war axe.
  4705 | D:6      | Noticed Edmund
  4706 | D:6      | 4706 ||| INVOKING Heroism.
  4714 | D:6      | Killed Edmund
  4715 | D:6      | Reached skill level 1 in Invocations
  4735 | D:6      | 4735 ||| DROPPING +0 flail.
  4761 | D:6      | 4761 ||| Stepping ~*~*~tactically~*~*~ (hiding).
  4762 | D:6      | 4762 ||| Stepping ~*~*~tactically~*~*~ (hiding).
  4763 | D:6      | 4763 ||| FLEEEEING.
  4764 | D:6      | 4764 ||| Stepping ~*~*~tactically~*~*~ (hiding).
  4766 | D:6      | 4766 ||| FLEEEEING.
  4773 | D:6      | Reached XP level 9. HP: 49/56 MP: 10/10
  4845 | D:6      | Found a shadowy altar of Dithmenos.
  4923 | D:6      | 4923 ||| Stepping ~*~*~tactically~*~*~ (stealth).
  4925 | D:6      | 4925 ||| Stepping ~*~*~tactically~*~*~ (hiding).
  4952 | D:6      | Found a broken altar of Ashenzari.
  5015 | D:6      | Noticed Menkaure
  5016 | D:6      | 5016 ||| INVOKING Heroism.
  5021 | D:6      | Killed Menkaure
  5022 | D:6      | Reached skill level 3 in Invocations
  5214 | D:6      | 5214 ||| UPGRADING to +0 acid dragon scales.
  5224 | D:6      | 5224 ||| DROPPING +0 scale mail.
  5225 | D:6      | 5225 ||| UPGRADING to +0 chain mail.
  5235 | D:6      | 5235 ||| READING scroll labelled LAM TOMUDERIUPN.
  5236 | D:6      | 5236 ||| READING 2 scrolls labelled YGGAVELEVO.
  5237 | D:6      | 5237 ||| DROPPING scroll of noise.
  5269 | D:7      | 5269 ||| Stepping ~*~*~tactically~*~*~ (hiding).
  5279 | D:7      | Reached ** piety under Okawaru
  5325 | D:7      | 5325 ||| Stepping ~*~*~tactically~*~*~ (stealth).
  5385 | D:7      | Found a snail-covered altar of Cheibriados.
  5505 | D:7      | 5505 ||| INVOKING Heroism.
  5513 | D:7      | Reached skill level 9 in Axes
  5685 | D:7      | 5685 ||| INVOKING Heroism.
  5696 | D:7      | Reached skill level 3 in Throwing
  5717 | D:7      | 5717 ||| Stepping randomly (disturbance).
  5727 | D:7      | Killed an unseen horror
  5783 | D:7      | 5783 ||| Stepping ~*~*~tactically~*~*~ (hiding).
  5784 | D:7      | 5784 ||| Stepping ~*~*~tactically~*~*~ (hiding).
  5810 | D:7      | Found a glowing silver altar of Zin.
  5811 | D:7      | Found an ornate altar of the Wu Jian Council.
  5811 | D:7      | Found a shadowy altar of Dithmenos.
  5811 | D:7      | Found a basalt altar of Yredelemnul.
  5887 | D:7      | Reached *** piety under Okawaru
  5927 | D:7      | Reached XP level 10. HP: 63/63 MP: 13/13
  5937 | D:7      | 5937 ||| Stepping ~*~*~tactically~*~*~ (hiding).
  6062 | D:7      | 6062 ||| Stepping ~*~*~tactically~*~*~ (hiding).
  6064 | D:7      | 6064 ||| Stepping ~*~*~tactically~*~*~ (hiding).
  6065 | D:7      | 6065 ||| Stepping ~*~*~tactically~*~*~ (hiding).
  6076 | D:7      | 6076 ||| DRINKING potion of curing.
  6076 | D:7      | 6076 ||| (to cure confusion)
  6084 | D:7      | 6084 ||| INVOKING Heroism.
  6092 | D:7      | HP: 12/63 [killer bee (4)]
  6098 | D:7      | HP: 3/63 [killer bee (7)]
  6099 | D:7      | Slain by a killer bee

Levels and vault maps discovered:
D:1:      nicolae_arrival_somewhat_less_tricky_arrival, layout_rooms,
          dreamdust_ecumenical_altar_angels_and_demons
D:2:      layout_basic, basic_altar, uniq_natasha
D:3:      layout_loops_ring, old_standard_altar, nicolae_uskayaw_dance_hall,
          amcnicky_mini_pool_small, small_statue_intersection,
          amcnicky_mini_corridor_feature, uniq_sigmund
D:4:      layout_gridville, old_standard_altar, bloody_trog,
          minmay_temple_entry_glassed_door
D:5:      layout_rooms, general_overflow_altar
D:6:      layout_rooms, mainiacjoe_overflow_chevrons,
          mainiacjoe_overflow_surrounded_room, uniq_menkaure, uniq_maggie,
          uniq_eustachio, uniq_edmund
D:7:      minmay_the_grid_octo_tiled_squarecenter [minmay_the_grid_octo_shrine,
          minmay_the_grid_octo_toaster, minmay_the_grid_octo_focus,
          minmay_the_grid_octo_chip,
          minmay_the_grid_square_5x5_megaprize_crossed,
          minmay_the_grid_square_5x5_one_wall, minmay_the_grid_square_5x5_seven,
          minmay_the_grid_square_5x5_fat_x, minmay_the_grid_square_5x5_meh],
          layout_loops_ring, mainiacjoe_overflow_brackets
Temple:   dpeg_three_leaves_temple

Skill      XL: |  1  2  3  4  5  6  7  8  9 |
---------------+----------------------------+-----
Axes           | 2 3 4 5 7 8 9 |  9.7
Throwing       | 1 2 3 |  3.3
Fighting       | 4 5 6 7 |  7.0
Dodging        | 1 |  1.0
Invocations    | 2 4 |  4.0
Shields        | 5 |  5.2
Armour         | 4 |  4.3

Action                     |  1- 3 |  4- 6 |  7- 9 | 10-12 || total
---------------------------+-------+-------+-------+-------++-------
  Melee: War axe           |   111 |    99 |   133 |    18 ||   361
  Throw: Javelin           |     5 |    43 |    28 |       ||    76
         Boomerang         |       |     6 |       |       ||     6
 Invoke: Heroism           |       |       |     7 |     1 ||     8
    Use: Scroll            |     5 |     7 |     4 |       ||    16
         Potion            |       |     3 |     3 |     1 ||     7
   Stab: Distracted        |       |       |     2 |       ||     2
 Armour: Scale mail        |    59 |    58 |    32 |       ||   149
         Chain mail        |       |       |    27 |    42 ||    69
  Dodge: Dodged            |    49 |    40 |    49 |    17 ||   155
  Block: Buckler           |    13 |    10 |    28 |     4 ||    55

Table legend:
 A = Non-vault XP
 B = Vault XP
 C = Vault XP percentage of total XP
 D = Non-vault monster count
 E = Vault monster count
 F = Vault count percentage of total count
                 A         B        C        D         E       F
            +---------+---------+-------+---------+---------+-------
      Total |    2519 |    2368 |  48.5 |     122 |      21 |  14.7
            +---------+---------+-------+---------+---------+-------
        D:1 |      51 |       0 |   0.0 |      26 |       0 |   0.0
        D:2 |      94 |      35 |  27.1 |      24 |       1 |   4.0
        D:3 |      39 |     226 |  85.3 |      14 |       1 |   6.7
        D:4 |     193 |       0 |   0.0 |      18 |       0 |   0.0
        D:5 |     662 |       0 |   0.0 |      18 |       0 |   0.0
        D:6 |     563 |     940 |  62.5 |       9 |       4 |  30.8
        D:7 |     917 |    1167 |  56.0 |      13 |      15 |  53.6
            +---------+---------+-------+---------+---------+-------
